Workbook

Sheet Table 1
A1: PREFEITURA MUNICIPAL DE PALMARES DO SUL
A2: LOCAL:Municipio Palmares do Sul
A4: COLETA DE LIXO | B4: ALEXANDRE OLIVEIRA BRAZ
A5: FEVEREIRO DE 2025 | B5: Eng. Civil - CREA 76.828
A6: 1. Coleta de Resíduos Sólidos - Adicional de Alta Temporada Planilha de Composição de Custos
A8: Orçamento Sintético
A9: Descrição do Item | B9: Custo (R$/mês) | C9: %
A10: 1. Mão-de-obra | B10: =SUM('Table 6'!F9+'Table 5'!F11+'Table 4'!F18+'Table 3'!F17) -> 58972.087 | C10: 40,02% | E10: =SUM(B11:B16) -> 58972.087
A11: 1.1. Coletor Turno Dia | B11: ='Table 3'!F17 -> 36556.981 | C11: 23,90%
A12: 1.2. Coletor Turno Noite | B12: 0 | C12: 0,00%
A13: 1.3. Motorista Turno do Dia | B13: ='Table 4'!F18 -> 11982.306 | C13: 11,01%
A14: 1.4. Motorista Turno Noite | B14: 0 | C14: 0,00%
A15: 1.5. Vale Transporte | B15: ='Table 5'!F11 -> 3232.8 | C15: 2,27%
A16: 1.6. Vale-refeição (diário) | B16: ='Table 6'!F9 -> 7200 | C16: 2,84%
A17: 2. Uniformes e Equipamentos de Proteção Individual | B17: =SUM('Table 7'!F19+'Table 8'!F17) -> 2306.8933 | C17: 0,54%
A18: 3. Veículos e Equipamentos | B18: =SUM(B20:B27) -> 74671.243 | C18: 37,80% | E18: =SUM(B10+B18+B17) -> 135950.22
A19: 3.1. Veículo Coletor Compactador Toco (15 m³) | B19: =B18 -> 74671.243 | C19: 37,80%
A20: 3.1.1. Depreciação | B20: ='Table 9'!F22 -> 9753.3179 | C20: 4,60%
A21: 3.1.2. Remuneração do Capital | B21: ='Table 10'!F22 -> 21323.225 | C21: 3,86%
A22: 3.1.3. Impostos e Seguros | B22: ='Table 11'!F11 -> 1011.5067 | C22: 0,40%
A23: 3.1.4. Consumos | B23: ='Table 12'!F18 -> 26340.76 | C23: 18,07%
A24: 3.1.5. Manutenção | B24: ='Table 13'!F8 -> 12666.4 | C24: 9,55%
A25: 3.1.6. Pneus | B25: ='Table 14'!F12 -> 2497.6 | C25: 1,31%
A26: 4. Ferramentas e Materiais de Consumo | B26: ='Table 15'!F10 -> 528.43333 | C26: 0,46%
A27: 5. Monitoramento da Frota | B27: ='Table 16'!F15 -> 550 | C27: 0,13%
A28: 6. Benefícios e Despesas Indiretas - BDI | B28: ='Table 17'!F8 -> 36244.331 | C28: 21,05%
A29: PREÇO TOTAL MENSAL COM A COLETA | B29: =SUM(B10+B17+B18+B28) -> 172194.55 | C29: 1

Sheet Table 2
A1: PREFEITURA MUNICIPAL DE PALMARES DO SUL
A2: LOCAL:Municipio Palmares do Sul
A4: COLETA DE LIXO | B4: ALEXANDRE OLIVEIRA BRAZ
A5: FEVEREIRO DE 2025 | B5: Eng. Civil - CREA 76.828
A6: Quantitativos
A7: Mão-de-obra | B7: Quantidade
A8: 1.1. Coletor Turno Dia | B8: 6
A9: 1.2. Coletor Turno Noite | B9: 0
A10: 1.3. Motorista Turno do Dia | B10: 2
A11: 1.4. Motorista Turno Noite | B11: 0
A12: Total de mão-de-obra (postos de trabalho) | B12: 8
A14: Veículos e Equipamentos | B14: Quantidade
A15: 3.1. Veículo Coletor Compactador Toco (15 m³) | B15: 2

Sheet Table 3
A1: PREFEITURA MUNICIPAL DE PALMARES DO SUL
A2: LOCAL:Municipio Palmares do Sul
A4: COLETA DE LIXO | D4: ALEXANDRE OLIVEIRA BRAZ
A5: FEVEREIRO DE 2025 | D5: Eng. Civil - CREA 76.828
A6: Discriminação | B6: Unidade | C6: Quantidade | D6: Custo unitário | E6: Subtotal | F6: Total (R$)
A7: Piso da categoria | B7: mês | C7: 1 | D7: 1949.91 | E7: =SUM(C7*D7) -> 1949.91
A8: Horas Extras (100%) | B8: hora | C8: 32,00 | D8: =SUM(D7/220*2) -> 17.726455 | E8: =SUM(C8*D8) -> 567.24655
A9: Horas Extras (50%) | B9: hora | D9: 9,53 | E9: -
A10: Descanso Semanal Remunerado (DSR) - hora extra | B10: R$ | D10: 84,80 | E10: 84,80
A11: Adicional de Insalubridade | B11: % | C11: 40 | D11: =SUM(E7+E8) -> 2517.1565 | E11: =SUM(C11/100)*D11 -> 1006.8626
A12: Plano benefico familiar | B12: mês | C12: 1 | D12: 24.1 | E12: =SUM(C12*D12) -> 24.1
A13: Soma | E13: =SUM(E7:E12) -> 3548.1192
A14: Encargos Sociais | B14: % | C14: 71,72 | D14: =E13 -> 3548.1192 | E14: =SUM((C14/100)*D14) -> 2544.7111
A15: Total por Coletor | E15: =SUM(E13:E14) -> 6092.8302
A16: Total do Efetivo | B16: homem | C16: 6 | D16: =E15 -> 6092.8302 | E16: =SUM(C16*D16) -> 36556.981
A17: Fator de utilização | E17: 1,00 | F17: =E16 -> 36556.981

Sheet Table 4
A1: PREFEITURA MUNICIPAL DE PALMARES DO SUL
A2: LOCAL:Municipio Palmares do Sul
A4: COLETA DE LIXO | D4: ALEXANDRE OLIVEIRA BRAZ
A5: FEVEREIRO DE 2025 | D5: Eng. Civil - CREA 76.828
A6: Discriminação | B6: Unidade | C6: Quantidade | D6: Custo unitário | E6: Subtotal | F6: Total (R$)
A7: Piso da categoria (2) | B7: mês | C7: 1 | D7: 2213.64 | E7: =SUM(C7*D7) -> 2213.64
A8: Horas Extras (100%) | B8: hora | C8: 32,00 | D8: =SUM(D7/220*2) -> 20.124 | E8: =SUM(C8*D8) -> 643.968
A9: Horas Extras (50%) | B9: hora | E9: -
A10: Descanso Semanal Remunerado (DSR) - hora extra | B10: R$ | D10: 117,14 | E10: 117,14
A11: Base de cálculo da Insalubridade | C11: 2
A12: Adicional de Insalubridade | B12: % | C12: 40 | D12: 1518 | E12: =SUM((C12/100)*D12) -> 607.2
A13: Plano benefico familiar | B13: mês | C13: 1 | D13: 24.1 | E13: =SUM(C13*D13) -> 24.1
A14: Soma | E14: =SUM(E7:E13) -> 3488.908
A15: Encargos Sociais | B15: % | C15: 71,72 | D15: =E14 -> 3488.908 | E15: =SUM((C15/100)*D15) -> 2502.2448
A16: Total por Motorista | E16: =SUM(E14:E15) -> 5991.1528
A17: Total do Efetivo | B17: homem | C17: 2 | D17: =E16 -> 5991.1528 | E17: =SUM(C17*D17) -> 11982.306
A18: Fator de utilização | E18: 1,00 | F18: =E17 -> 11982.306

Sheet Table 5
A1: PREFEITURA MUNICIPAL DE PALMARES DO SUL
A2: LOCAL:Municipio Palmares do Sul
A4: COLETA DE LIXO | D4: ALEXANDRE OLIVEIRA BRAZ
A5: FEVEREIRO DE 2025 | D5: Eng. Civil - CREA 76.828
A6: Discriminação | B6: Unidade | C6: Quantidade | D6: Custo unitário | E6: Subtotal | F6: Total (R$)
A7: Vale Transporte | B7: R$ | C7: 1 | D7: 8,50
A8: Dias Trabalhados por mês | B8: dia | C8: 30
A9: Coletor | B9: vale | C9: 360 | D9: 6,89 | E9: =SUM(C9*D9) -> 2480.4
A10: Motorista | B10: vale | C10: 120 | D10: 6,27 | E10: =SUM(C10*D10) -> 752.4
F11: =SUM(E9:E10) -> 3232.8

Sheet Table 6
A1: PREFEITURA MUNICIPAL DE PALMARES DO SUL
A2: LOCAL:Municipio Palmares do Sul
A4: COLETA DE LIXO | D4: ALEXANDRE OLIVEIRA BRAZ
A5: FEVEREIRO DE 2025 | D5: Eng. Civil - CREA 76.828
A6: Discriminação | B6: Unidade | C6: Quantidade | D6: Custo unitário | E6: Subtotal | F6: Total (R$)
A7: Coletor | B7: unidade | C7: 180 | D7: 30 | E7: =SUM(C7*D7) -> 5400
A8: Motorista | B8: unidade | C8: 60 | D8: 30 | E8: =SUM(C8*D8) -> 1800
F9: =SUM(E7:E8) -> 7200

Sheet Table 7
A1: PREFEITURA MUNICIPAL DE PALMARES DO SUL
A2: LOCAL:Municipio Palmares do Sul
A4: COLETA DE LIXO | D4: ALEXANDRE OLIVEIRA BRAZ
A5: FEVEREIRO DE 2025 | D5: Eng. Civil - CREA 76.828
A6: Discriminação | B6: Unidade | C6: Durabilidade (meses) | D6: Custo unitário | E6: Subtotal | F6: Total (R$)
A7: Jaqueta com reflexivo (NBR 15.292) | B7: unidade | C7: 6 | D7: 145 | E7: =SUM(D7/C7) -> 24.166667
A8: Calça de Brim | B8: unidade | C8: 6 | D8: 76 | E8: =SUM(D8/C8) -> 12.666667
A9: Camiseta de malha manga longa | B9: unidade | C9: 3 | D9: 42 | E9: =SUM(D9/C9) -> 14
A10: Boné com protetor de pescoço | B10: unidade | C10: 3 | D10: 29.9 | E10: =SUM(D10/C10) -> 9.9666667
A11: Botina de segurança c/ palmilha aço | B11: par | C11: 6 | D11: 156 | E11: =SUM(D11/C11) -> 26
A12: Capa de chuva amarela com reflexivo | B12: unidade | C12: 6 | D12: 78.9 | E12: =SUM(D12/C12) -> 13.15
A13: Luva de proteção | B13: par | C13: 0.25 | D13: 15.11 | E13: =SUM(D13/C13) -> 60.44
A14: Protetor solar FPS 30 | B14: frasco 120g | C14: 1 | D14: 25.74 | E14: =SUM(D14/C14) -> 25.74
A15: Protetor auricular tipo plug | B15: R$ mensal | C15: 1 | D15: 13.25 | E15: =SUM(D15/C15) -> 13.25
A16: Oculos de proteção | B16: Unidade | C16: 6 | D16: 65 | E16: =SUM(D16/C16) -> 10.833333
A17: higienização uniformes epi | B17: Unidade | C17: 1 | D17: 120 | E17: =SUM(D17/C17) -> 120
A18: Total do Efetivo | B18: homem | C18: 6 | D18: =SUM(E7:E17) -> 330.21333 | E18: =SUM(C18*D18) -> 1981.28
A19: Fator de utilização | E19: 1,00 | F19: =E18 -> 1981.28

Sheet Table 8
A1: PREFEITURA MUNICIPAL DE PALMARES DO SUL
A2: LOCAL:Municipio Palmares do Sul
A4: COLETA DE LIXO | D4: ALEXANDRE OLIVEIRA BRAZ
A5: FEVEREIRO DE 2025 | D5: Eng. Civil - CREA 76.828
A6: Discriminação | B6: Unidade | C6: Durabilidade (meses) | D6: Custo unitário | E6: Subtotal | F6: Total (R$)
A7: Jaqueta com reflexivo (NBR 15.292) | B7: unidade | C7: 6 | D7: 145 | E7: =SUM(D7/C7) -> 24.166667
A8: Calça de Brim | B8: unidade | C8: 6 | D8: 76 | E8: =SUM(D8/C8) -> 12.666667
A9: Camiseta de malha manga longa | B9: unidade | C9: 6 | D9: 42 | E9: =SUM(D9/C9) -> 7
A10: Botina de segurança c/ palmilha aço | B10: par | C10: 6 | D10: 156 | E10: =SUM(D10/C10) -> 26
A11: Capa de chuva amarela com reflexivo | B11: unidade | C11: 6 | D11: 78.9 | E11: =SUM(D11/C11) -> 13.15
A12: Protetor solar FPS 30 | B12: frasco 120g | C12: 1 | D12: 25.74 | E12: =SUM(D12/C12) -> 25.74
A13: Protetor auricular tipo plug | B13: R$ mensal | C13: 1 | D13: 13.25 | E13: =SUM(D13/C13) -> 13.25
A14: Oculos de proteção | B14: Unidade | C14: 6 | D14: 65 | E14: =SUM(D14/C14) -> 10.833333
A15: higienização uniformes epi | B15: Unidade | C15: 1 | D15: 30 | E15: =SUM(D15/C15) -> 30
A16: Total do Efetivo | B16: homem | C16: 2 | D16: =SUM(E7:E15) -> 162.80667 | E16: =SUM(C16*D16) -> 325.61333
A17: Fator de utilização | E17: 1,00 | F17: =E16 -> 325.61333

Sheet Table 9
A1: PREFEITURA MUNICIPAL DE PALMARES DO SUL
A2: LOCAL:Municipio Palmares do Sul
A4: COLETA DE LIXO | D4: ALEXANDRE OLIVEIRA BRAZ
A5: FEVEREIRO DE 2025 | D5: Eng. Civil - CREA 76.828
A6: Discriminação | B6: Unidade | C6: Quantidade | D6: Custo unitário | E6: Subtotal | F6: Total (R$)
A7: Custo de aquisição do chassis | B7: unidade | C7: 1 | D7: 550000 | E7: =SUM(C7*D7) -> 550000
A8: Vida útil do chassis | B8: anos | C8: 10
A9: Idade do veículo | B9: anos | C9: 0
A10: Depreciação do chassis | B10: % | C10: 65,18 | D10: =E7 -> 550000 | E10: =SUM(D10*65.18/100) -> 358490
A11: Depreciação mensal veículos coletores | B11: mês | C11: 120 | D11: =E10 -> 358490 | E11: =SUM(D11/C11) -> 2987.4167
A12: Custo de aquisição do compactador | B12: unidade | C12: 1 | D12: 266200 | E12: =SUM(C12*D12) -> 266200
A13: Vida útil do compactador | B13: anos | C13: 10
A14: Idade do compactador | B14: anos | C14: 0
A15: Depreciação do compactador | B15: % | C15: 65,18 | D15: =E12 -> 266200 | E15: =SUM(D15*65.18/100) -> 173509.16
A16: Depreciação mensal do compactador | B16: mês | C16: 120 | D16: =E15 -> 173509.16 | E16: =SUM(D16/C16) -> 1445.9097
A17: Total por veículo | E17: =SUM(E11+E16) -> 4433.3263
A18: Total da frota | B18: unidade | C18: 2 | D18: =E17 -> 4433.3263 | E18: =SUM(C18*D18) -> 8866.6527
A19: Fator de utilização | E19: 1,00 | F19: =SUM(E18) -> 8866.6527
A21: Acrescimo de 10% suprir frota reserva | B21: % | C21: 10 | D21: =SUM(F19) -> 8866.6527 | F21: =SUM(D21*0.1) -> 886.66527
E22: Total | F22: =SUM(F19+F21) -> 9753.3179

Sheet Table 10
A1: PREFEITURA MUNICIPAL DE PALMARES DO SUL
A2: LOCAL:Municipio Palmares do Sul
A4: COLETA DE LIXO | D4: ALEXANDRE OLIVEIRA BRAZ
A5: FEVEREIRO DE 2025 | D5: Eng. Civil - CREA 76.828
A6: Discriminação | B6: Unidade | C6: Quantidade | D6: Custo unitário | E6: Subtotal | F6: Total (R$)
A7: Custo do chassis | B7: unidade | C7: 1 | D7: 550000 | E7: 550000
A8: Taxa de juros anual nominal | B8: % | C8: 14.25
A9: Valor do veículo proposto (V0) | B9: R$ | C9: 550000
A10: Investimento médio total do chassis | B10: R$ | C10: 190.821,14
A11: Remuneração mensal de capital do chassis | B11: R$ | D11: =SUM(((C8*C9)/12)/100) -> 6531.25 | E11: =SUM(D11) -> 6531.25
A12: Custo do compactador | B12: unidade | C12: 1 | D12: 266200 | E12: 266200
A13: Taxa de juros anual nominal | B13: % | C13: 14.25
A14: Valor do compactador proposto (V0) | B14: R$ | C14: 266200
A15: Investimento médio total do compactador | B15: R$ | C15: 150.171,63
A16: Remuneração mensal de capital do compactador | B16: R$ | D16: =SUM(((C13*C14)/12)/100) -> 3161.125 | E16: =SUM(D16) -> 3161.125
A17: Total por veículo | E17: =SUM(E11+E16) -> 9692.375
A18: Total da frota | B18: unidade | C18: 2 | D18: =SUM(D11+D16) -> 9692.375 | E18: =SUM(D18*C18) -> 19384.75
A19: Fator de utilização | E19: 1,00 | F19: =SUM(E18) -> 19384.75
A21: Acrescimo de 10% suprir frota reserva | B21: % | C21: 10 | D21: =SUM(F19) -> 19384.75 | F21: =SUM(D21*0.1) -> 1938.475
E22: Total | F22: =SUM(F19+F21) -> 21323.225

Sheet Table 11
A1: PREFEITURA MUNICIPAL DE PALMARES DO SUL
A2: LOCAL:Municipio Palmares do Sul
A4: COLETA DE LIXO | D4: ALEXANDRE OLIVEIRA BRAZ
A5: FEVEREIRO DE 2025 | D5: Eng. Civil - CREA 76.828
A6: Discriminação | B6: Unidade | C6: Quantidade | D6: Custo unitário | E6: Subtotal | F6: Total (R$)
A7: IPVA | B7: unidade | C7: 2,00 | D7: 5500 | E7: =SUM(C7*D7) -> 11000
A8: Licenciamento e Seguro obrigatório | B8: unidade | C8: 2,00 | D8: 457.04 | E8: =SUM(C8*D8) -> 914.08
A9: Seguro contra terceiros | B9: unidade | C9: 2,00 | D9: 112 | E9: =SUM(C9*D9) -> 224
A10: Impostos e seguros mensais | B10: mês | C10: 12 | D10: =SUM(E7+E8+E9) -> 12138.08 | E10: =SUM(D10/C10) -> 1011.5067
A11: Fator de utilização | E11: 1,00 | F11: =E10 -> 1011.5067

Sheet Table 12
A1: PREFEITURA MUNICIPAL DE PALMARES DO SUL
A2: LOCAL:Municipio Palmares do Sul
A4: COLETA DE LIXO | D4: ALEXANDRE OLIVEIRA BRAZ
A5: FEVEREIRO DE 2025 | D5: Eng. Civil - CREA 76.828
A6: Discriminação | B6: Unidade | C6: Consumo | D6: Custo unitário | E6: Subtotal | F6: Total (R$)
A7: Custo de óleo diesel / km rodado | B7: km/l | C7: 2,50 | D7: 6.7
A8: Custo mensal com óleo diesel | B8: km | C8: 8920 | D8: =SUM(D7/C7) -> 2.68 | E8: =SUM(D8*C8) -> 23905.6
A9: Custo de óleo do motor /1.000 km rodados | B9: l/1.000 km | C9: 6,00 | D9: 19,11
A10: Custo mensal com óleo do motor | B10: km | C10: 8920 | D10: 0,115 | E10: =SUM(C10*D10) -> 1025.8
A11: Custo de óleo da transmissão /1.000 km | B11: l/1.000 km | C11: 0,85 | D11: 21,85
A12: Custo mensal com óleo da transmissão | B12: km | C12: 8920 | D12: 0,019 | E12: =SUM(C12*D12) -> 169.48
A13: Custo de óleo hidráulico / 1.000 km | B13: l/1.000 km | C13: 5,00 | D13: 17,68
A14: Custo mensal com óleo hidráulico | B14: km | C14: 8920 | D14: 0,088 | E14: =SUM(C14*D14) -> 784.96
A15: Custo de graxa /1.000 km rodados | B15: kg/1.000 km | C15: 2,00 | D15: 25,30
A16: Custo mensal com graxa | B16: km | C16: 8920 | D16: 0,051 | E16: =SUM(C16*D16) -> 454.92
A17: Custo com consumos/km rodado | B17: R$/km rodado | D17: =SUM(F18/C8) -> 2.953
F18: =SUM(E8+E10+E12+E14+E16) -> 26340.76

Sheet Table 13
A1: PREFEITURA MUNICIPAL DE PALMARES DO SUL
A2: LOCAL:Municipio Palmares do Sul
A4: COLETA DE LIXO | D4: ALEXANDRE OLIVEIRA BRAZ
A5: FEVEREIRO DE 2025 | D5: Eng. Civil - CREA 76.828
A6: Discriminação | B6: Unidade | C6: Quantidade | D6: Custo unitário | E6: Subtotal | F6: Total (R$)
A7: Custo de manutenção dos caminhões | B7: R$/km rodado | C7: 8920 | D7: 1.42 | E7: =SUM(C7*D7) -> 12666.4
F8: =SUM(E7) -> 12666.4

Sheet Table 14
A1: PREFEITURA MUNICIPAL DE PALMARES DO SUL
A2: LOCAL:Municipio Palmares do Sul
A4: COLETA DE LIXO | D4: ALEXANDRE OLIVEIRA BRAZ
A5: FEVEREIRO DE 2025 | D5: Eng. Civil - CREA 76.828
A6: Discriminação | B6: Unidade | C6: Quantidade | D6: Custo unitário | E6: Subtotal | F6: Total (R$)
A7: Custo do jogo de pneus 275/80 R22.5 | B7: unidade | C7: 6 | D7: 2300 | E7: =SUM(C7*D7) -> 13800
A8: Número de recapagens por pneu | B8: unidade | C8: 0
A9: Custo de recapagem | B9: unidade | C9: 12 | D9: 600 | E9: =SUM(C9*D9) -> 7200
A10: Custo jg. compl. + 6 recap./ km rodado | B10: km/jogo | C10: 75000 | D10: =SUM(E7+E9) -> 21000 | E10: =SUM(D10/C10) -> 0.28
A11: Custo mensal com pneus | B11: km | C11: 8920 | D11: =E10 -> 0.28 | E11: =SUM(C11*D11) -> 2497.6
F12: =E11 -> 2497.6

Sheet Table 15
A1: PREFEITURA MUNICIPAL DE PALMARES DO SUL
A2: LOCAL:Municipio Palmares do Sul
A4: COLETA DE LIXO | D4: ALEXANDRE OLIVEIRA BRAZ
A5: FEVEREIRO DE 2025 | D5: Eng. Civil - CREA 76.828
A6: Discriminação | B6: Unidade | C6: Quantidade | D6: Custo unitário | E6: Subtotal | F6: Total (R$)
A7: Recipiente térmico para água (5L) | B7: unidade/ano | C7: 3 | D7: 69.9 | E7: 17.48
A8: Vassoura | B8: unidade/ano | C8: 4 | D8: 57.86 | E8: =SUM(C8*D8)/12 -> 19.286667
A9: Publicidade (adesivos veículos) | B9: cj/ano | C9: 2 | D9: 2950 | E9: =SUM(C9*D9)/12 -> 491.66667
F10: =SUM(E7:E9) -> 528.43333

Sheet Table 16
A1: PREFEITURA MUNICIPAL DE PALMARES DO SUL
A2: LOCAL:Municipio Palmares do Sul
A4: COLETA DE LIXO | D4: ALEXANDRE OLIVEIRA BRAZ
A5: FEVEREIRO DE 2025 | D5: Eng. Civil - CREA 76.828
A6: Discriminação | B6: Unidade | C6: Quantidade | D6: Custo unitário | E6: Subtotal | F6: Total (R$)
A7: Implantação dos equipamentos de monitoramento | B7: cj | C7: 2 | D7: 420 | E7: =SUM(C7*D7) -> 840
A8: Custo mensal com implantação | B8: mês | C8: 12 | D8: 480 | E8: =SUM(D8/C8) -> 40
A9: Manutenção dos equipamentos de monitoramento | B9: unidade | C9: 2 | D9: 85 | E9: =SUM(C9*D9) -> 170
A10: Custo mensal com manutenção | B10: mês | C10: 1 | D10: 170 | E10: =SUM(C10*D10) -> 170
A11: Implantação dos equipamentos de monitoramento | B11: cj | C11: 2 | D11: 1200 | E11: =SUM(C11*D11) -> 2400
A12: Custo mensal com manutenção | C12: 2 | D12: 70 | E12: =SUM(C12*D12) -> 140
A13: Implantação dos equipamentos de monitoramento | C13: 1 | D13: 140 | E13: =SUM(C13*D13) -> 140
A14: Custo mensal com implantação | B14: cj | C14: 12 | D14: 70 | E14: 200
A15: Fator de utilização | E15: 1,00 | F15: =SUM(E8+E10+E12+E14) -> 550

Sheet Table 17
A1: PREFEITURA MUNICIPAL DE PALMARES DO SUL
A2: LOCAL:Municipio Palmares do Sul
A4: COLETA DE LIXO | D4: ALEXANDRE OLIVEIRA BRAZ
A5: FEVEREIRO DE 2025 | D5: Eng. Civil - CREA 76.828
A6: Discriminação | B6: Unidade | C6: Quantidade | D6: Custo unitário | E6: Subtotal | F6: Total (R$)
A7: Benefícios e despesas indiretas | B7: % | C7: 26,66 | D7: 135950.23 | E7: =SUM(D7*0.2666) -> 36244.331
F8: =SUM(E7) -> 36244.331
A10: CUSTO MENSAL COM BDI (R$/mês) | B10: =SUM(E7) -> 36244.331
A12: PREÇO MENSAL TOTAL (R$/mês) | B12: =SUM(D7+E7) -> 172194.56
